 Dungeon Crawl Stone Soup version 0.23.2-1-ga50397a6bc (webtiles) character file.

Game seed: 14200949873119580841

10852 Foic the Blocker (level 12, -4/97 HPs)
             Began as a Formicid Fighter on May 15, 2019.
             Was a Priest of Qazlal.
             Slain by a sixfirhy (7 damage)
             ... on level 2 of the Abyss.
             The game lasted 00:57:58 (15687 turns).

Foic the Blocker (Formicid Fighter)                Turns: 15687, Time: 00:57:58

Health: -4/97      AC: 16    Str: 24      XL:     12   Next: 0%
Magic:  12/12      EV:  8    Int:  7 (8)  God:    Qazlal [***...]
Gold:   282        SH: 17    Dex: 15      Spells: 11/11 levels left

rFire    . . .     SeeInvis +   a - +1 war axe
rCold    + . .     Gourm    .   c - +0 shield
rNeg     . . .     Faith    .   N - +0 plate armour
rPois    +         Spirit   .   (helmet unavailable)
rElec    .         Reflect  .   H - +0 cloak (curse)
rCorr    .         Harm     .   (no gloves)
MR       ++...                  x - +0 pair of boots
Stlth    ..........             m - amulet of the acrobat
HPRegen  0.00/turn              o - +3 ring of dexterity
MPRegen  0.13/turn              M - ring of poison resistance

@: no status effects
A: permanent stasis, dig shafts and tunnels, four strong arms, antennae 3,
talons 1, [blurry vision 2], cold resistance 1, deterioration 1, magic
resistance 1, [inhibited regeneration]
a: Dig, Shaft Self, Upheaval, Elemental Force, Renounce Religion


You were on level 2 of the Abyss.
You worshipped Qazlal.
Qazlal was most pleased with you.
You were hungry.

You visited 3 branches of the dungeon, and saw 13 of its levels.
You visited the Abyss 1 time.
You also visited: Sewer.

You collected 562 gold pieces.
You spent 280 gold pieces at shops.

Inventory:

Hand Weapons
 a - a +1 war axe (weapon)
 b - a +0 hunting sling of velocity
 p - a +0 battleaxe
 r - the +6 rapier of Peril {venom, rF+ MR+, unknown}
   (You found it on level 8 of the Dungeon)

   It poisons the flesh of those it strikes.
   It protects you from fire.
   It affects your resistance to hostile enchantments.
 u - a +0 blowgun
 C - a +1 hand axe of chopping
 L - a +2 quarterstaff of chaos
 T - a +0 fustibalus
Missiles
 e - 103 sling bullets
 i - 471 stones (quivered)
 k - 2 exploding tomahawks
 n - 9 tomahawks
 v - 31 poisoned needles
Armour
 c - a +0 shield (worn)
 h - a +0 chain mail
 x - a +0 pair of boots (worn)
 H - a cursed +0 cloak (worn)
 N - a +0 plate armour (worn)
 P - +0 steam dragon scales
Jewellery
 m - an amulet of the acrobat (around neck)
 o - a +3 ring of dexterity (left hand)
 F - an uncursed ring of protection from cold
 M - a ring of poison resistance (right hand)
 O - the ring "Citos" {+Blink EV+1 Str+7 Int-3 SInv, unknown}
   (You found it on level 11 of the Dungeon)

   [ring of evasion]

   It affects your evasion (+1).
   It affects your strength (+7).
   It affects your intelligence (-3).
   It lets you see invisible.
   It lets you blink.
 U - an uncursed ring of magical power
Wands
 l - a wand of disintegration (13)
 A - a wand of digging (7)
 B - a wand of flame (22)
 E - a wand of paralysis (7)
 G - a wand of enslavement (11)
 I - a wand of random effects (17)
 J - a wand of acid (10)
Scrolls
 g - a scroll of fear
 j - 4 scrolls of remove curse
 q - 2 scrolls of identify
 y - 3 scrolls of enchant weapon
 D - a scroll of fog {unknown}
 Q - 3 scrolls of enchant armour {unknown}
 R - 3 scrolls of holy word {unknown}
Potions
 d - 3 potions of might
 s - a potion of agility
 t - 10 potions of curing
 w - a potion of invisibility {unknown}
 z - a potion of degeneration {unknown}
 K - a potion of lignification
 S - a potion of heal wounds
Comestibles
 f - 21 rations


   Skills:
 * Level 10.0 Fighting
 + Level 10.7 Axes
 + Level 2.2 Slings
 + Level 8.1 Armour
 + Level 1.3 Dodging
 + Level 1.4 Stealth
 * Level 11.7 Shields


You had 11 spell levels left.
You didn't know any spells.
Your spell library contained the following spells:

 Spells                   Type           Power        Failure   Level  Hunger
 Animate Skeleton         Necr           N/A          99%         1    ##.....
 Apportation              Tloc           #.....       99%         1    ##.....
 Confusing Touch          Hex            #.....       99%         1    ##.....
 Sandblast                Erth           #.....       99%         1    ##.....
 Summon Small Mammal      Summ           #...         99%         1    ##.....
 Passwall                 Tmut/Erth      #.......     100%        2    ###....
 Confuse                  Hex            #.......     100%        3    ####...
 Gell's Gravitas          Tloc           #.........   100%        3    ####...
 Stone Arrow              Conj/Erth      #.....       100%        3    ####...
 Petrify                  Tmut/Erth      #.......     100%        4    #####..
 Lee's Rapid Deconstruct  Erth           #.........   100%        5    ######.
 Metabolic Englaciation   Hex/Ice        #.........   100%        5    ######.
 Yara's Violent Unravell  Hex/Tmut       #.........   100%        5    ######.


Dungeon Overview and Level Annotations

Branches:
Dungeon (11/15)            Temple (1/1) D:7            Lair (1/6) D:8
    Orc (0/2) D:11

Altars:
Ashenzari
Cheibriados
Dithmenos
Elyvilon
Fedhas
Gozag
Hepliaklqana
Kikubaaqudgha
Makhleb
Nemelex Xobeh
Okawaru
Qazlal
Ru
Sif Muna
Trog
Uskayaw
Vehumet
Wu Jian
Xom
Yredelemnul
Zin
The Shining One

Shops:
D:6 =[=   D:7 (   D:9 [   D:10 *

Annotations:
D:2 Crazy Yiuf
D:4 2 transporters
D:9 buy plate armour 600g
D:11 Sonja


Innate Abilities, Weirdness & Mutations

You cannot be hasted, slowed, berserked, paralysed or teleported.
You can dig through walls and to a lower floor.
Your four strong arms can wield two-handed weapons with a shield.
You have a pair of large antennae on your head. (SInv)
You have sharp toenails.
Your flesh is cold resistant. (rC+)
Your body sometimes deteriorates upon taking damage.
You are resistant to hostile enchantments. (MR+)
[Scrolls take you longer to read.]
[You do not regenerate when monsters are visible.]


Message History

You barely miss the sixfirhy.
You hit the large abomination but do no damage.
The sixfirhy closely misses you. You block the sixfirhy's attack.
The thrashing horror tramples you but does no damage. x2
The large abomination barely misses you.
The sixfirhy hits you but does no damage.
You block the thrashing horror's attack. x2
You hit the thrashing horror.
The thrashing horror is heavily damaged.
You hit the large abomination but do no damage.
You closely miss the sixfirhy. The sixfirhy hits you.
* * * LOW HITPOINT WARNING * * *
The sixfirhy shocks you!
* * * LOW HITPOINT WARNING * * *
Your body deteriorates!
You feel dopey.
The sixfirhy hits you but does no damage.
The thrashing horror tramples you but does no damage. x2
The sixfirhy hits you but does no damage.
The sixfirhy hits you!
You die...

##.# {##.#. . #.
.. ##x# # # #
..#. . .
..#.##.#. # ..
#.X. .#{X.{{###
.# ..# ...
#X##.##.##
..#..#.
#...X.x#.#
...#...#.#.#X#.X#
. . ##
....###XX#.#
..#.###. #@# #
#.#.. #.##3# #..
. ## ... ..#
.#..# #...#. .
##..# .. ### .#


You could see 3 starcursed masses, 2 thrashing horrors, 2 large abominations, a
sixfirhy and a small abomination.

Vanquished Creatures
  Gastronok (D:8)
  Pikel (D:3)
  A cyclops (D:11)
  A spiny frog (D:8)
  A komodo dragon (D:10)
  Sigmund (D:5)
  A wyvern (D:11)
  9 yaks
  2 basilisks (D:7)
  A basilisk (shapeshifter) (D:11)
  A neqoxec (Abyss:2)
  A steam dragon (D:11)
  2 hungry ghosts (D:11)
  A soldier ant (D:11)
  2 porcupines (D:8)
  3 orc warriors
  6 sky beasts
  2 ice beasts
  4 slaves
  3 black bears
  4 phantoms
  3 ogres
  4 centaurs
  2 crocodiles
  3 big kobolds
  A wyvern zombie (D:10)
  An earth elemental (Abyss:2)
  5 bullfrogs
  6 scorpions
  2 wyvern skeletons
  A troll zombie (D:11)
  A howler monkey (D:11)
  5 crimson imps
  3 hounds
  Crazy Yiuf (D:2)
  8 orc priests
  4 jellies
  A bullfrog skeleton (D:10)
  A centaur skeleton (D:7)
  8 worker ants
  An iguana (D:7)
  11 orc wizards
  7 ogre zombies (D:11)
  A hound skeleton (D:10)
  A worker ant zombie (D:11)
  16 adders
  A howler monkey skeleton (D:11)
  4 river rats
  An ufetubus (Abyss:2)
  An adder skeleton (D:9)
  A worm (D:4)
  2 dart slugs (D:1)
  5 leopard geckos
  25 orcs
  11 giant cockroaches
  3 hobgoblins
  10 jackals
  25 kobolds
  4 quokkas
  5 ball pythons
  8 bats
  9 frilled lizards
  12 goblins
  A goblin skeleton (D:11)
  2 goblin zombies (D:11)
  A hobgoblin skeleton (D:11)
  3 hobgoblin zombies (D:11)
  A jackal skeleton (D:6)
  A jackal zombie (D:5)
  2 orc skeletons (D:11)
  16 orc zombies (D:11)
  31 rats
330 creatures vanquished.

Vanquished Creatures (others)
  A bush (D:8)
  4 fungi (D:8)
  9 plants (D:8)
14 creatures vanquished.

Grand Total: 344 creatures vanquished

Notes
Turn   | Place    | Note
-------+----------+-------------------------------------------
     0 | D:1      | Foic the Formicid Fighter began the quest for the Orb.
     0 | D:1      | Reached XP level 1. HP: 18/18 MP: 1/1
   297 | D:1      | Reached XP level 2. HP: 24/24 MP: 2/2
   609 | D:1      | Reached XP level 3. HP: 30/30 MP: 3/3
   626 | D:1      | Reached skill level 4 in Shields
  1341 | D:2      | Reached XP level 4. HP: 33/37 MP: 4/4
  1571 | D:2      | Found a hazy altar of Hepliaklqana.
  1677 | D:2      | Found a runed translucent door.
  1678 | D:2      | Noticed Crazy Yiuf
  2063 | D:3      | Found a shattered altar of Ashenzari.
  2200 | D:3      | Found a bloodstained altar of Trog.
  2200 | D:3      | Found an iron altar of Okawaru.
  2400 | D:3      | Reached XP level 5. HP: 34/42 MP: 5/5
  2534 | D:4      | Noticed a slave
  2534 | D:4      | Noticed a slave
  2534 | D:4      | Noticed a slave
  2534 | D:4      | Noticed a slave
  2535 | D:4      | Noticed Pikel
  2557 | D:4      | Killed a slave
  2569 | D:3      | Killed a slave
  2768 | D:3      | Killed a slave
  2964 | D:3      | Killed a slave
  3111 | D:3      | Killed Pikel
  3111 | D:3      | Reached skill level 5 in Shields
  3111 | D:3      | Reached XP level 6. HP: 10/50 MP: 6/6
  3111 | D:3      | Reached XP level 7. HP: 11/55 MP: 7/7
  3482 | D:4      | Gained mutation: You have sharp toenails. [potion of
                  | mutation]
  3482 | D:4      | Gained mutation: Your flesh is cold resistant. (rC+)
                  | [potion of mutation]
  3482 | D:4      | Gained mutation: You are resistant to hostile enchantments.
                  | (MR+) [potion of mutation]
  3483 | D:4      | Reached skill level 5 in Armour
  3483 | D:4      | Reached skill level 6 in Shields
  3840 | D:4      | Reached skill level 5 in Fighting
  3929 | D:4      | Found a transporter.
  4128 | D:4      | Found a transporter.
  4143 | D:4      | Reached XP level 8. HP: 62/62 MP: 8/8
  4208 | D:4      | Found a burning altar of Makhleb.
  4476 | D:5      | Entered Level 5 of the Dungeon
  4555 | D:5      | Noticed Sigmund
  4566 | D:5      | Killed Sigmund
  4566 | D:5      | Reached skill level 5 in Axes
  4566 | D:5      | Reached skill level 1 in Stealth
  4709 | D:5      | Found a glowing drain.
  4713 | Sewer    | Entered a sewer
  4823 | Sewer    | Reached skill level 7 in Shields
  5362 | D:5      | Found a blossoming altar of Fedhas.
  5489 | D:5      | Reached XP level 9. HP: 62/69 MP: 9/9
  5496 | D:5      | Found a radiant altar of Vehumet.
  5848 | D:5      | Found an ornate altar of the Wu Jian Council.
  6021 | D:6      | Reached skill level 8 in Shields
  6133 | D:6      | Found a shattered altar of Ashenzari.
  6428 | D:6      | Found Tualeic's Armour Emporium.
  6749 | D:6      | Found Cuhugrev's Jewellery Shop.
  7500 | D:6      | Found Irocomon's Jewellery Emporium.
  7749 | D:6      | Found a sparkling altar of Nemelex Xobeh.
  7750 | D:6      | Found a glowing silver altar of Zin.
  7809 | D:7      | Reached skill level 9 in Shields
  8079 | D:7      | Found Likeibem's Antique Weapon Boutique.
  8112 | D:7      | Found a staircase to the Ecumenical Temple.
  8139 | Temple   | Entered the Ecumenical Temple
  8252 | Temple   | Became a worshipper of Qazlal Stormbringer
  8440 | D:7      | Found a basalt altar of Yredelemnul.
  8499 | D:7      | Found an opulent altar of Gozag.
  8499 | D:7      | Found a deep blue altar of Sif Muna.
  8500 | D:7      | Found an ancient bone altar of Kikubaaqudgha.
  8510 | D:7      | Found a white marble altar of Elyvilon.
  8963 | D:2      | Killed Crazy Yiuf
  8963 | D:2      | Reached XP level 10. HP: 58/79 MP: 10/10
  9141 | D:6      | Bought an uncursed ring of poison resistance for 280 gold
                  | pieces
  9351 | D:7      | Reached skill level 1 in Dodging
  9617 | D:8      | Noticed Gastronok
  9709 | D:8      | HP: 4/80 [Gastronok (33)]
 10056 | D:8      | Found a staircase to the Lair.
 10558 | D:8      | Reached skill level 1 in Slings
 11252 | D:8      | Reached skill level 10 in Shields
 11494 | D:8      | Got a pitted rapier
 11539 | D:8      | Found an iron altar of Okawaru.
 11639 | D:8      | Killed Gastronok
 11639 | D:8      | Reached XP level 11. HP: 76/87 MP: 11/11
 11851 | D:9      | Reached * piety under Qazlal
 12005 | D:9      | Found Gus Nac's Armour Boutique.
 12426 | D:10     | Entered Level 10 of the Dungeon
 12432 | D:10     | Found Sonoleng's General Store.
 12455 | D:10     | Reached skill level 11 in Shields
 12809 | D:10     | Reached skill level 10 in Axes
 13790 | Lair:1   | Entered Level 1 of the Lair of Beasts
 14338 | D:11     | Noticed a cyclops
 14362 | D:11     | Reached ** piety under Qazlal
 14371 | D:11     | Killed a cyclops
 14930 | D:11     | Noticed Sonja
 15240 | D:11     | Found a staircase to the Orcish Mines.
 15275 | D:11     | Reached *** piety under Qazlal
 15319 | D:11     | Got a faintly glowing iron ring
 15349 | D:11     | Reached skill level 10 in Fighting
 15547 | D:11     | Cast into level 2 of the Abyss (Sonja)
 15559 | Abyss:2  | Gained mutation: Your body sometimes deteriorates upon
                  | taking damage. [a neqoxec]
 15586 | Abyss:2  | Reached XP level 12. HP: 66/97 MP: 12/12
 15635 | Abyss:2  | Noticed a wretched star
 15641 | Abyss:2  | Noticed a thrashing horror
 15641 | Abyss:2  | Noticed a thrashing horror
 15659 | Abyss:2  | Noticed a starcursed mass
 15682 | Abyss:2  | Noticed a sixfirhy
 15687 | Abyss:2  | HP: 3/97 [sixfirhy (10)]
 15687 | Abyss:2  | Slain by a sixfirhy

Skill      XL: |  1  2  3  4  5  6  7  8  9 10 11 |
---------------+----------------------------------+-----
Shields        | 4 5 6 7 9 10 11 | 11.7
Fighting       | 4 5 7 8 10 | 10.0
Armour         | 4 5 6 7 8 |  8.1
Axes           | 4 6 7 9 10 | 10.7
Stealth        | 1 |  1.4
Dodging        | 1 |  1.3
Slings         | 2 |  2.2

Action                   |  1- 3 |  4- 6 |  7- 9 | 10-12 || total
-------------------------+-------+-------+-------+-------++-------
Melee: War axe           |    96 |   169 |   440 |   591 ||  1296
       Kick              |       |       |    38 |       ||    38
 Fire: Hunting sling     |       |       |       |    30 ||    30
  Use: Scroll            |     2 |       |     2 |    12 ||    16
       Potion            |       |       |     8 |     1 ||     9
 Stab: Petrified         |       |       |       |     4 ||     4
       Petrifying        |       |       |       |     1 ||     1
  Eat: Chunk             |     1 |     6 |    15 |    24 ||    46
       Ration            |       |       |     1 |     1 ||     2
Armor: Scale mail        |    19 |       |       |       ||    19
       Chain mail        |    30 |    69 |   114 |     6 ||   219
       Plate armour      |       |       |       |   203 ||   203
Dodge: Dodged            |    20 |    45 |   116 |   171 ||   352
Block: Shield            |    45 |    83 |   238 |   417 ||   783
